 Dungeon Crawl Stone Soup version 0.31.0-12-g77e489cdc1 (webtiles) character file.

Game seed: 2102634812248727082

59 Buffagor the Changeling (level 4, 0/32 HPs)
             Began as a Merfolk Shapeshifter on Mar 8, 2024.
             Slain by a cerulean imp
             ... wielding a +1 spear
             ... summoned by Natasha
              (5 damage)
             ... on level 2 of the Dungeon.
             The game lasted 00:02:37 (619 turns).

Buffagor the Changeling (Merfolk Shapeshifter)       Turns: 619, Time: 00:02:37

Health: 0/32       AC:  2    Str: 14    XL:     4   Next: 3%
Magic:  4/4        EV: 12    Int:  9    God:
Gold:   61         SH:  0    Dex: 15    Spells: 3/3 levels left

rFire   . .          .
                       - Unarmed
rCold   . . .        (no shield)
rNeg    . . .        a - +0 animal skin
rPois   .            (helmet currently unavailable)
rElec   .            (cloak currently unavailable)
rCorr   .            (gloves currently unavailable)
SInv    .            (boots currently unavailable)
Will    .....        (no amulet)
Stlth   +            (no ring)
HPRegen 0.25/turn    (no ring)
MPRegen 0.09/turn

%: no passive effects
@: beast-form
A: beast (slay +3), (nimble swimmer 2), mertail
a: Begin Untransformation


You were on level 2 of the Dungeon.
You were a hulking beast.
You visited 1 branch of the dungeon, and saw 2 of its levels.

You collected 61 gold pieces.

Inventory:

Armour
 a - a +0 animal skin (worn)
Jewellery
 e - an amulet of magic regeneration
Talismans
 c - a beast talisman
 d - a flux talisman
Scrolls
 f - 2 scrolls of identify {unknown}
Potions
 b - a potion of lignification
 g - 2 potions of heal wounds {unknown}


   Skills:
 - Level 1.1 Fighting
 - Level 2.6 Dodging
 + Level 4.1 Unarmed Combat
 * Level 5.4 Shapeshifting


You had 3 spell levels left.
You didn't know any spells.
Your spell library was empty.

Dungeon Overview and Level Annotations

Branches:
Dungeon (2/15)

Altars:

Annotations:
D:2 Natasha


Innate Abilities, Weirdness & Mutations

You are a hulking beast.
Your limbs bulge with bestial killing power. (Slay +3)
((You are very nimble when in or above water. (Stealth+, EV+, Speed+++)))
Your lower body shifts to a powerful aquatic tail in water.


Message History

The ball python is moderately wounded.
Natasha mumbles some strange words.
The ball python bites you. The ball python constricts you.
You hit the ball python but do no damage.
The ball python is moderately wounded.
The ball python loses its grip on you.
You closely miss Natasha.
The cerulean imp hits you from afar with a +2 spear.
You are too injured to fight recklessly!
You are too injured to fight recklessly!
You are too injured to fight recklessly!
You are too injured to fight recklessly!
You are too injured to fight recklessly!
You are too injured to fight recklessly!
You are too injured to fight recklessly!
You are too injured to fight recklessly!
You are too injured to fight recklessly!
You are too injured to fight recklessly!
You are too injured to fight recklessly!
You are too injured to fight recklessly!
You are too injured to fight recklessly!
You are too injured to fight recklessly!
Unknown command.
Unknown command.
You hit Natasha.
Natasha is lightly wounded.
Natasha claws you.
The cerulean imp hits you from afar with a +2 spear.
You closely miss Natasha.
Natasha is lightly wounded.
The cerulean imp hits you from afar with a +1 spear.
Natasha zaps a wand.
The puff of flame hits you.
* * * LOW HITPOINT WARNING * * *
The ball python bites you but does no damage.
The ball python barely misses you.
You hit Natasha.
Natasha is lightly wounded.
The cerulean imp barely misses you.
The cerulean imp hits you from afar with a +1 spear.
You die...

....................
.....####...##......
.....####......##...
................. ..
#####....#####...
#...#.# ..
##.###.#### ...
#.........#
#Sh.......#
#.h.........
#55.........
...........#.
......).....#
........?..>..#
..........#####
.........##


You could see Natasha, 2 cerulean imps and a ball python.

Vanquished Creatures
  2 adders (D:2)
  2 dart slugs (D:1)
  2 endoplasms (D:1)
  A giant cockroach (D:1)
  3 goblins (D:1)
  2 hobgoblins
  4 jackals (D:1)
  2 quokkas (D:1)
  8 ball pythons (D:1)
  2 bats (D:1)
  4 kobolds (D:1)
  A rat (D:1)
33 creatures vanquished.

Notes
Turn   | Place    | Note
-------+----------+-------------------------------------------
     0 | D:1      | Buffagor the Merfolk Shapeshifter began the quest for the
                  | Orb.
     0 | D:1      | Reached XP level 1. HP: 15/15 MP: 1/1
    21 | D:1      | Found a faded altar of an unknown god.
    42 | D:1      | Reached XP level 2. HP: 7/21 MP: 2/2
   295 | D:1      | Reached XP level 3. HP: 26/26 MP: 3/3
   304 | D:1      | Reached skill level 5 in Shapeshifting
   597 | D:2      | Reached XP level 4. HP: 32/32 MP: 4/4
   609 | D:2      | Noticed Natasha
   619 | D:2      | Slain by a cerulean imp

Illustrated notes

Levels and vault maps discovered:
D:1:      dpeg_arrival_tiny_a, layout_rooms, nicolae_ecumenical_snake_handling
D:2:      layout_rooms, uniq_natasha, uniq_terence

Skill      XL: |  1  2  3 |
---------------+----------+-----
Shapeshifting  | 5 |  5.4
Unarmed Combat | 4 |  4.1
Fighting       | |  1.1
Dodging        | |  2.6

Action                     |  1- 3 |  4- 6 || total
---------------------------+-------+-------++-------
  Melee: Unarmed           |    72 |     7 ||    79
         Punch             |     3 |       ||     3
  Throw: Stone             |     9 |     2 ||    11
 Armour: Animal skin       |    36 |    10 ||    46
  Dodge: Dodged            |    51 |     5 ||    56
